 Dungeon Sprint DCSS version 0.28-a0-390-gb254ac4902 (webtiles) character file.

Game seed: 6036736147119750778

2309 MikeHunt the Thaumaturge (level 9, -10/74 HPs)
             Began as a Demonspawn Ice Elementalist on Sept 3, 2021.
             Was a Follower of Sif Muna.
             Killed from afar by an orc sorcerer (16 damage)
             ... with a bolt of fire
             ... in the Dungeon (Sprint III: "The Ten Rune Challenge").
             The game lasted 00:05:31 (1493 turns).

MikeHunt the Thaumaturge (DsIE)                     Turns: 1493, Time: 00:05:32

Health: -10/74     AC:  2    Str: 10    XL:     9   Next: 18%
Magic:  22/22      EV: 15    Int: 21    God:    Sif Muna [*.....]
Gold:   40         SH:  0    Dex: 13    Spells: 15/26 levels left

rFire   . . .      SeeInvis .     - Unarmed
rCold   . . .      Faith    .   (no shield)
rNeg    . . .      Spirit   .   a - +0 robe
rPois   .          Reflect  .   (no helmet)
rElec   .          Harm     .   (no cloak)
rCorr   .          Rampage  .   (no gloves)
Will    .....      NoTele   +   (no boots)
Stlth   ++........              (no amulet)
HPRegen 0.22/turn               (no ring)
MPRegen 0.18/turn               (no ring)

@: hasted, very quick
A: claws 2, big brain 1, demonic magic 2
a: Renounce Religion, Channel Magic


You were in the Dungeon.
You worshipped Sif Muna.
Sif Muna was aware of your devotion.
You visited 1 branch You collected 40 gold pieces.

Inventory:

Hand Weapons
 c - a +1 dagger of draining
Armour
 a - a +0 robe (worn)
 m - a +0 chain mail
Scrolls
 f - 4 scrolls of identify
 h - 2 scrolls of immolation {unknown}
 k - a scroll of torment {unknown}
Potions
 e - a potion of magic
 i - 2 potions of flight
 j - 5 potions of mutation
 l - 2 potions of berserk rage
Miscellaneous
 o - a tin of tremorstones (2/2)


   Skills:
 + Level 8.0 Fighting
 + Level 7.6 Dodging
 - Level 1.7 Stealth
 + Level 7.3 Unarmed Combat
 - Level 9.2 Spellcasting
 - Level 6.8 Conjurations
 - Level 9.2 Ice Magic
 + Level 6.6 Invocations


You had 15 spell levels left.
You knew the following spells:

 Your Spells              Type           Power      Damage    Failure   Level
a - Hailstorm             Conj/Ice       43%        3d10      2%          4
b - Frozen Ramparts       Ice            96%        1d11      1%          3
e - Freeze                Ice            100%       1d11      1%          1
x - Ozocubu's Armour      Ice            48%        N/A       1%          3

Your spell library contained the following spells:

 Spells                   Type           Power      Damage    Failure   Level
 Animate Skeleton         Necr           18%        N/A       7%          1
 Apportation              Tloc           18%        N/A       7%          1
 Corona                   Hex            10%        N/A       7%          1
 Summon Small Mammal      Summ           36%        N/A       7%          1


Dungeon Overview and Level Annotations

Branches:
Dungeon (1/1)

Altars:
Cheibriados
Dithmenos
Elyvilon
Fedhas
Gozag
Hepliaklqana
Kikubaaqudgha
Makhleb
Nemelex Xobeh
Okawaru
Qazlal
Ru
Sif Muna
Trog
Uskayaw
Vehumet
Wu Jian
Xom
Yredelemnul
Zin
The Shining One
Beogh
Jiyva
Lugonu

Annotations:
D Snorg


Innate Abilities, Weirdness & Mutations

You have very sharp fingernails.
You have an unusually large brain. (Int +2)
Spells you cast may paralyse nearby enemies.


Message History

Confirm with . or Enter, or press ? or * to list all spells.
Aiming: Freeze (safe; 1% risk of failure)
Press: ? - help, Shift-Dir - straight line, f/p - orc high priest
Aim: an orc high priest, wielding a +0 war axe (almost dead)
You freeze the orc high priest!
You kill the orc high priest!
Sif Muna accepts your kill.
You hear a splash.
Malevolent energies surge around you.
Your Fighting skill increases to level 8!
Your Dodging skill increases to level 7!
Your Unarmed Combat skill increases to level 7!
Your Invocations skill gained 2 levels and is now at level 6!
You have reached level 9!
Your experience leads to an increase in your attributes!
Increase (S)trength, (I)ntelligence, or (D)exterity?
You feel clever.
Okay, then.
You fail to use your ability.
Casting: Freeze (safe; 1% risk of failure)
Confirm with . or Enter, or press ? or * to list all spells.
Casting: Hailstorm (dangerous; 2% risk of failure)
Press: ? - help, Dir - look around, f - activate A cannonade of hail descends around you!
The hail pelts Snorg!
Snorg is heavily wounded.
Malevolent energies surge around you.
An orc sorcerer comes into view. It is wielding a +0 dagger.
Magic courses through your body.
Snorg is no longer paralysed.
Casting: Hailstorm (dangerous; 2% risk of failure)
Confirm with . or Enter, or press ? or * to list all spells.
You can't see any susceptible monsters within range! (Use Z to cast anyway.) Unknown command.
An orc comes into view. It is wielding a +0 whip.
Unknown command.
Unknown command.
The orc shouts!
The orc sorcerer casts a spell at you. The bolt of fire hits you!
You die...

▓▓▓▓▓▓▓▓▓▓▓▓▓ ▓▓▓ ▓<.#..'.....♣
♣.############ ▓..#..#.....♣♣
♣.#___#___#__### ▓#'####......♣
♣♣.#.).#__)#._#$$
▓.....#....≈♣♣♣♣..###'#'###)##$$
▓.....#...≈≈♣♣....#..........#.o
▓.....#..≈≈≈≈♣♣.♣.'o⌠..o....o#o$
▓####)#..≈≈≈≈≈≈♣..#...######'#$#
▓.....#.≈≈≈≈≈T.@..#.⌠.#__#...#o#
▓.....#.≈≈≈≈≈.o...#...#__#..o#..
▓)....#.≈≈).......#'###__#...#.#
▓)#####...........#[).#__#...o.#
▓.................#___#__'...#.#
▓▓▓▓▓▓▓▓▓▓▓▓▓▓▓▓▓▓▓▓▓▓▓▓▓▓▓▓▓▓▓▓


You could see Snorg (berserk), an orc sorcerer and an orc.

Vanquished Creatures
  An orc high priest (D)
  A deep elf pyromancer (D)
  An orc knight (D)
  A shadow (D)
  A spatial vortex (D)
  A necrophage (D)
  A water elemental (D)
  A jelly (D)
  An orc priest (D)
  Jessica (D)
  A wizard (D)
  A necromancer (D)
  3 humans (D)
  A kobold demonologist (D)
  A phantom (D)
  2 endoplasms (D)
  A rat (D)
20 creatures vanquished.

Vanquished Creatures (others)
  3 plants (D)
3 creatures vanquished.

Grand Total: 23 creatures vanquished

Notes
Turn   | Place    | Note
-------+----------+-------------------------------------------
     0 | D        | MikeHunt the Demonspawn Ice Elementalist began the quest
                  | for the Orb.
     0 | D        | Reached XP level 1. HP: 13/13 MP: 3/3
   130 | D        | Noticed Jessica
   144 | D        | Killed Jessica
   145 | D        | Gained mutation: Spells you cast may paralyse adjacent
                  | enemies. [demonic ancestry]
   145 | D        | Reached XP level 2. HP: 11/19 MP: 2/7
   145 | D        | Reached XP level 3. HP: 14/24 MP: 2/9
   251 | D        | Learned a level 3 spell: Frozen Ramparts
   270 | D        | Reached skill level 5 in Spellcasting
   351 | D        | Reached skill level 5 in Ice Magic
   402 | D        | Noticed a water elemental
   423 | D        | Killed a water elemental
   424 | D        | Gained mutation: You have an unusually large brain. (Int
                  | +2) [demonic ancestry]
   424 | D        | Reached XP level 4. HP: 7/30 MP: 3/12
   499 | D        | Learned a level 3 spell: Ozocubu's Armour
   504 | D        | Learned a level 4 spell: Hailstorm
   651 | D        | Found a radiant altar of Vehumet.
   652 | D        | Found a shimmering blue altar of Sif Muna.
   652 | D        | Found an ancient bone altar of Kikubaaqudgha.
   652 | D        | Noticed a wizard
   654 | D        | Killed a wizard
   655 | D        | Reached skill level 1 in Conjurations
   656 | D        | Gained mutation: You have sharp fingernails. [demonic
                  | ancestry]
   656 | D        | Reached XP level 5. HP: 35/35 MP: 7/14
   704 | D        | Found a basalt altar of Yredelemnul.
   704 | D        | Found a shadowy altar of Dithmenos.
   704 | D        | Found a sacrificial altar of Ru.
   704 | D        | Noticed a necrophage
   710 | D        | Killed a necrophage
   769 | D        | Found a hide-covered altar of Uskayaw.
   769 | D        | Found an iron altar of Okawaru.
   769 | D        | Found a bloodstained altar of Trog.
   769 | D        | Found an ornate altar of the Wu Jian Council.
   769 | D        | Noticed a human
   823 | D        | Noticed a human
   830 | D        | Killed a human
   831 | D        | Gained mutation: You have very sharp fingernails. [demonic
                  | ancestry]
   831 | D        | Reached XP level 6. HP: 32/41 MP: 7/17
   831 | D        | Killed a human
   832 | D        | Reached XP level 7. HP: 36/46 MP: 6/19
   913 | D        | Noticed a deep elf pyromancer
   917 | D        | Killed a deep elf pyromancer
  1015 | D        | Noticed a shadow
  1019 | D        | Killed a shadow
  1020 | D        | Reached skill level 5 in Fighting
  1020 | D        | Reached skill level 5 in Dodging
  1020 | D        | Reached skill level 5 in Unarmed Combat
  1020 | D        | Gained mutation: Spells you cast may paralyse nearby
                  | enemies. [demonic ancestry]
  1020 | D        | Reached XP level 8. HP: 63/63 MP: 13/21
  1063 | D        | Found a blossoming altar of Fedhas.
  1063 | D        | Found a stormy altar of Qazlal.
  1064 | D        | Found a snail-covered altar of Cheibriados.
  1064 | D        | Found a burning altar of Makhleb.
  1064 | D        | Found a hazy altar of Hepliaklqana.
  1064 | D        | Found a shimmering altar of Xom.
  1064 | D        | Found an opulent altar of Gozag.
  1064 | D        | Found a sparkling altar of Nemelex Xobeh.
  1064 | D        | Found a corrupted altar of Lugonu.
  1064 | D        | Found a viscous altar of Jiyva.
  1082 | D        | Became a worshipper of Sif Muna the Loreminder
  1231 | D        | Noticed an orc knight
  1232 | D        | Noticed Snorg
  1278 | D        | Killed an orc knight
  1278 | D        | Reached * piety under Sif Muna
  1381 | D        | Noticed an orc high priest
  1485 | D        | Killed an orc high priest
  1486 | D        | Reached XP level 9. HP: 4/74 MP: 4/22
  1487 | D        | Noticed an orc sorcerer
  1493 | D        | Killed from afar by an orc sorcerer

Illustrated notes

Levels and vault maps discovered:
D:        dungeon_sprint_mu [sprint_mu_entry_forest, sprint_mu_temple_rooms,
          sprint_mu_d1_horrors, sprint_mu_d2_genie, sprint_mu_d3_branching,
          sprint_mu_orc_legion, sprint_mu_elf_gauntlet, sprint_mu_hive_nellie,
          sprint_mu_lair_fedhas, sprint_mu_vaults_butterflies,
          sprint_mu_slime_circle, sprint_mu_swamp_cave, sprint_mu_snake_twists,
          sprint_mu_blade_basic, sprint_mu_crypt_lich, sprint_mu_tomb_spiral,
          sprint_mu_vestibule_basic, sprint_mu_gehenna_hellfire,
          sprint_mu_dis_giant, sprint_mu_tartarus_statrot,
          sprint_mu_cocytus_islands, sprint_mu_zot1]

Skill      XL: |  1  2  3  4  5  6  7  8 |
---------------+-------------------------+-----
Spellcasting   | 4 6 7 8 9 |  9.2
Ice Magic      | 4 6 7 8 9 |  9.2
Conjurations   | 2 6 |  6.8
Fighting       | 5 8 |  8.0
Dodging        | 5 7 |  7.6
Unarmed Combat | 5 7 |  7.3
Invocations    | 6 |  6.6
Stealth        | |  1.7

Action                   |  1- 3 |  4- 6 |  7- 9 || total
-------------------------+-------+-------+-------++-------
Melee: Unarmed           |     9 |       |     2 ||    11
 Cast: Freeze            |    10 |    14 |    17 ||    41
       Frozen Ramparts   |     3 |     3 |     3 ||     9
       Hailstorm         |       |       |     9 ||     9
       Ozocubu's Armour  |       |       |     3 ||     3
  Use: Potion            |     2 |       |     4 ||     6
       Scroll            |       |       |     1 ||     1
 Stab: Paralysed         |       |       |     2 ||     2
Armor: Robe              |     1 |     2 |     1 ||     4
Dodge: Dodged            |     5 |     2 |    12 ||    19

Table legend: (Time is in decaauts)
 A = Elapsed time spent in this place.
 B = Non-inter-level travel time spent in this place.
 C = Inter-level travel time spent in this place.
 D = Time resting spent in this place.
 E = Time spent auto-exploring this place.
 F = Levels seen in this place.
 G = Mean time per level.
                   A        B        C        D        E       F      G
               +--------+--------+--------+--------+--------+-----+--------+
         Total |   1503 |   1470 |     33 |   1092 |      0 |   1 | 1503.0 |
       Dungeon |   1503 |   1470 |     33 |   1092 |      0 |   1 | 1503.0 |
               +--------+--------+--------+--------+--------+-----+--------+

Top non-repeatable levels by time:
       D: 1503 daAuts
